 Dungeon Crawl Stone Soup version 0.26.1-11-gd32895ea62 (webtiles) character file.

Game seed: 4878594177676954635

3576 Almogavar the Protected (level 10, -2/77 HPs)
             Began as a Gnoll Wanderer on May 5, 2021.
             Was a Priest of Okawaru.
             Slain by a two-headed ogre
             ... wielding a +0 giant spiked club
              (18 damage)
             ... on level 7 of the Dungeon.
             The game lasted 00:29:49 (9107 turns).

Almogavar the Protected (Gnoll Wanderer)            Turns: 9107, Time: 00:29:49

Health: -2/77      AC: 13    Str: 20    XL:     10   Next: 10%
Magic:  0/35       EV: 17    Int: 12    God:    Okawaru [***...]
Gold:   419        SH:  0    Dex: 20    Spells: 17/18 levels left

rFire    . . .     SeeInvis +   C - +5 hand axe of Past Mistakes {elec, Dex+5 SInv}
rCold    . . .     Faith    .   (no shield)
rNeg     . . .     Spirit   +   c - +2 scale mail
rPois    .         Reflect  .   n - +0 helmet
rElec    .         Harm     .   (no cloak)
rCorr    .         Rampage  .   (no gloves)
Will     .....                  (no boots)
Stlth    +++.......             f - amulet of guardian spirit
HPRegen  0.22/turn              y - ring of magical power
MPRegen  0.24/turn              D - ring of magical power

@: heroism
A: distributed training, fangs 1, strong nose
a: Renounce Religion, Heroism


You were on level 7 of the Dungeon.
You worshipped Okawaru.
Okawaru was most pleased with you.
You visited 2 branches of the dungeon, and saw 9 of its levels.

You collected 419 gold pieces.

Inventory:

Hand Weapons
 a - a +0 hand crossbow
 C - the +5 hand axe of Past Mistakes (weapon) {elec, Dex+5 SInv}
   (You found it on level 6 of the Dungeon)

   Occasionally, upon striking a foe, it can discharge electrical energy and
   cause terrible harm.
   It affects your dexterity (+5).
   It lets you see invisible.
 E - a +0 war axe of flaming
Missiles
 d - 22 bolts
 m - 54 sling bullets
 z - a poisoned dart (quivered)
Armour
 c - a +2 scale mail (worn)
 n - a +0 helmet (worn)
 o - a +0 chain mail
 v - a +1 kite shield of fire resistance
 H - a cursed +0 plate armour
Magical Staves
 x - an uncursed staff of earth
Jewellery
 f - an amulet of guardian spirit (around neck)
 t - an uncursed ring of resist corrosion
 y - a ring of magical power (left hand)
 D - a ring of magical power (right hand)
Wands
 g - a wand of polymorph (7)
 u - a wand of iceblast (10)
 B - a wand of digging (3)
 F - a wand of acid (13)
Scrolls
 b - 5 scrolls of teleportation
 e - 2 scrolls of remove curse
 h - 2 scrolls of amnesia
 i - 6 scrolls of fog
 j - 2 scrolls of blinking {unknown}
 k - a scroll of magic mapping {unknown}
 q - 3 scrolls of identify {unknown}
 s - 4 scrolls of immolation {unknown}
 G - a scroll of enchant armour {unknown}
Potions
 l - 3 potions of lignification {unknown}
 p - 2 potions of might {unknown}
 r - 2 potions of heal wounds {unknown}
 w - 2 potions of invisibility {unknown}
 A - 2 potions of brilliance {unknown}


   Skills:
 + Level 6.8(11.8) Fighting
 + Level 4.9(9.9) Short Blades
 + Level 4.9(9.9) Long Blades
 + Level 4.9(9.9) Axes
 + Level 4.9(9.9) Maces & Flails
 + Level 4.9(9.9) Polearms
 + Level 4.9(9.9) Staves
 + Level 4.9(9.9) Slings
 + Level 4.9(9.9) Bows
 + Level 6.8(11.8) Crossbows
 + Level 5.6(10.6) Throwing
 + Level 9.9(14.9) Armour
 + Level 4.9(9.9) Dodging
 + Level 4.9(9.9) Stealth
 + Level 4.9(9.9) Shields
 + Level 4.9(9.9) Unarmed Combat
 + Level 4.9 Spellcasting
 + Level 4.1 Conjurations
 + Level 4.1 Hexes
 + Level 4.1 Summonings
 + Level 4.1 Necromancy
 + Level 4.1 Translocations
 + Level 4.1 Transmutations
 + Level 4.1 Fire Magic
 + Level 4.1 Ice Magic
 + Level 4.1 Air Magic
 + Level 4.1 Earth Magic
 + Level 4.1 Poison Magic
 + Level 5.4 Invocations
 + Level 5.6 Evocations


You had 17 spell levels left.
You knew the following spells:

 Your Spells              Type           Power        Failure   Level
a - Apportation           Tloc           24%          8%          1

Your spell library contained the following spells:

 Spells                   Type           Power        Failure   Level
 Animate Skeleton         Necr           24%          8%          1
 Corona                   Hex            13%          8%          1
 Magic Dart               Conj           48%          8%          1
 Pain                     Necr           48%          8%          1
 Summon Small Mammal      Summ           48%          8%          1
 Searing Ray              Conj           24%          12%         2
 Dazzling Flash           Conj/Hex       24%          24%         3
 Vampiric Draining        Necr           6%           24%         3
 Animate Dead             Necr           6%           61%         4
 Fulminant Prism          Conj/Hex       6%           61%         4
 Iskenderun's Mystic Bla  Conj/Tloc      12%          61%         4
 Agony                    Necr           12%          91%         5


Dungeon Overview and Level Annotations

Branches:
Dungeon (8/15)             Temple (1/1) D:6
   Lair: D:8-11

Altars:
Ashenzari
Cheibriados
Dithmenos
Elyvilon
Fedhas
Gozag
Hepliaklqana
Kikubaaqudgha
Nemelex Xobeh
Okawaru
Qazlal
Ru
Sif Muna
Trog
Uskayaw
Vehumet
Wu Jian
Xom
Yredelemnul
Zin
The Shining One

Annotations:
D:8 Joseph


Innate Abilities, Weirdness & Mutations

Your experience applies equally to all skills.
You have very sharp teeth.
Your uncanny sense of smell can sniff out nearby items.


Message History

You slash the ufetubus! Lightning courses through the ufetubus!
You kill the ufetubus!
Okawaru accepts your kill.
The two-headed ogre hits you with a +0 giant spiked club!!
* * * LOW HITPOINT WARNING * * *
The two-headed ogre hits you with a +0 giant club!
* * * LOW HITPOINT WARNING * * *
Throw: 2 darts (poison)
Press: ? - help, Q - select action, (/) - cycle Shift-Dir - straight line, f - two-headed ogre
Aim: a two-headed ogre, wielding a +0 giant spiked club and a +0 giant club (lightly wounded, 82% to hit)
You throw a poisoned dart.
The poisoned dart hits the two-headed ogre!
The two-headed ogre is poisoned.
The two-headed ogre is lightly wounded.
You slash the two-headed ogre!
Lightning courses through the two-headed ogre!
You bite the two-headed ogre, but do no damage.
The two-headed ogre is heavily wounded.
The two-headed ogre hits you with a +0 giant spiked club!!
You die...

#.......# #..###
####'#### #.>..#
#<##### #.(..#
#<....# #....#
#####.#####^...#
#...#.)..)#....#
#.#.#####)#....#
#...........O..#
###.#####.#.@..#
#....[....######
#.#.#######
#...# #####


You could see a two-headed ogre (very poisoned).

Vanquished Creatures
  2 two-headed ogres (D:7)
  A meliai zombie (D:7)
  Sigmund (D:4)
  Eustachio (D:4)
  A water moccasin (D:6)
  2 ice beasts
  An orc warrior (D:6)
  A sky beast (D:7)
  A centaur (D:6)
  2 bullfrogs
  4 killer bees (D:7)
  A howler monkey (D:6)
  A centaur zombie (D:5)
  A jelly (D:6)
  A bullfrog skeleton (D:4)
  2 hounds
  A centaur skeleton (D:4)
  4 iguanas
  Natasha (thrice) (D:2)
  6 orc wizards
  5 worker ants
  Terence (D:2)
  Robin (D:2)
  2 hound skeletons (D:7)
  3 gnolls (D:3)
  A howler monkey skeleton (D:7)
  10 adders
  An ufetubus (D:7)
  An ooze (D:1)
  An adder skeleton (D:7)
  2 dart slugs
  4 leopard geckos
  19 orcs
  3 giant cockroaches
  6 hobgoblins
  3 jackals (D:6)
  3 quokkas
  2 ball pythons
  11 bats
  8 frilled lizards
  A giant cockroach zombie (D:5)
  14 goblins
  10 kobolds
  15 rats
164 creatures vanquished.

Vanquished Creatures (others)
  A shadow imp (D:6)
  An ooze (D:6)
2 creatures vanquished.

Grand Total: 166 creatures vanquished

Notes
Turn   | Place    | Note
-------+----------+-------------------------------------------
     0 | D:1      | Almogavar the Gnoll Wanderer began the quest for the Orb.
     0 | D:1      | Almogavar set off with the following items: a +0 hand
                  | crossbow, a scroll of teleportation, a +2 scale mail, 23
                  | bolts
     0 | D:1      | Reached XP level 1. HP: 20/20 MP: 1/1
   109 | D:1      | Reached XP level 2. HP: 26/26 MP: 2/2
   395 | D:1      | Reached XP level 3. HP: 27/31 MP: 3/3
   955 | D:2      | Reached skill level 1 in Invocations
  1126 | D:2      | Reached skill level 1 in Short Blades
  1126 | D:2      | Reached skill level 1 in Long Blades
  1126 | D:2      | Reached skill level 1 in Axes
  1126 | D:2      | Reached skill level 1 in Maces & Flails
  1126 | D:2      | Reached skill level 1 in Polearms
  1126 | D:2      | Reached skill level 1 in Staves
  1126 | D:2      | Reached skill level 1 in Slings
  1126 | D:2      | Reached skill level 1 in Bows
  1126 | D:2      | Reached skill level 1 in Dodging
  1126 | D:2      | Reached skill level 1 in Stealth
  1126 | D:2      | Reached skill level 1 in Shields
  1126 | D:2      | Reached skill level 1 in Unarmed Combat
  1126 | D:2      | Reached skill level 1 in Spellcasting
  1244 | D:2      | Noticed Robin
  1260 | D:2      | Reached XP level 4. HP: 36/38 MP: 3/5
  1281 | D:2      | Killed Robin
  1563 | D:2      | Noticed Natasha
  1574 | D:2      | Killed Natasha
  1575 | D:2      | Reached skill level 1 in Conjurations
  1575 | D:2      | Reached skill level 1 in Hexes
  1575 | D:2      | Reached skill level 1 in Summonings
  1575 | D:2      | Reached skill level 1 in Necromancy
  1575 | D:2      | Reached skill level 1 in Translocations
  1575 | D:2      | Reached skill level 1 in Transmutations
  1575 | D:2      | Reached skill level 1 in Fire Magic
  1575 | D:2      | Reached skill level 1 in Ice Magic
  1575 | D:2      | Reached skill level 1 in Air Magic
  1575 | D:2      | Reached skill level 1 in Earth Magic
  1575 | D:2      | Reached skill level 1 in Poison Magic
  1635 | D:2      | Noticed Natasha
  1646 | D:2      | Killed Natasha
  1647 | D:2      | Reached XP level 5. HP: 41/43 MP: 5/7
  1824 | D:2      | Found an ancient bone altar of Kikubaaqudgha.
  1877 | D:2      | Noticed Natasha
  1892 | D:2      | Killed Natasha
  2110 | D:2      | Noticed Terence
  2127 | D:2      | Killed Terence
  2611 | D:3      | Reached XP level 6. HP: 50/50 MP: 8/8
  2732 | D:3      | Found a bloodstained altar of Trog.
  3355 | D:4      | Noticed Sigmund
  3366 | D:4      | Killed Sigmund
  3367 | D:4      | Reached skill level 5 in Fighting
  3367 | D:4      | Reached skill level 5 in Crossbows
  3526 | D:4      | Reached XP level 7. HP: 49/56 MP: 8/10
  3751 | D:4      | Noticed Eustachio
  3972 | D:4      | Killed Eustachio
  4211 | D:4      | Reached skill level 9 in Armour
  4495 | D:4      | Found a stormy altar of Qazlal.
  4495 | D:4      | Found a shimmering blue altar of Sif Muna.
  4714 | D:5      | Entered Level 5 of the Dungeon
  4737 | D:5      | Found an opulent altar of Gozag.
  5200 | D:5      | Reached XP level 8. HP: 57/63 MP: 10/12
  5779 | D:6      | Found a staircase to the Ecumenical Temple.
  6031 | D:6      | Got a glimmering hand axe
  6032 | D:6      | Identified the +5 hand axe of Past Mistakes {elec, Dex+5
                  | SInv} (You found it on level 6 of the Dungeon)
  6729 | Temple   | Entered the Ecumenical Temple
  6915 | Temple   | Became a worshipper of Warmaster Okawaru
  6938 | D:6      | Learned a level 1 spell: Apportation
  7962 | D:7      | Reached XP level 9. HP: 51/69 MP: 14/14
  8103 | D:7      | Found a glowing golden altar of the Shining One.
  8120 | D:7      | Reached * piety under Okawaru
  8442 | D:7      | Reached skill level 5 in Throwing
  8442 | D:7      | Reached skill level 5 in Evocations
  8443 | D:7      | Noticed a two-headed ogre
  8468 | D:7      | Killed a two-headed ogre
  8468 | D:7      | Reached ** piety under Okawaru
  8469 | D:7      | Reached skill level 5 in Invocations
  8772 | D:8      | Noticed a two-headed ogre
  8772 | D:8      | Noticed a two-headed ogre
  8801 | D:7      | Killed a two-headed ogre
  8801 | D:7      | Reached *** piety under Okawaru
  8801 | D:7      | Received a gift from Okawaru
  8802 | D:7      | Reached XP level 10. HP: 28/77 MP: 13/17
  9087 | D:8      | Noticed Joseph
  9107 | D:7      | Slain by a two-headed ogre

Illustrated notes

Levels and vault maps discovered:
D:1:      sevenhm_arrival_forest_fort_large_4, layout_basic
D:2:      layout_loops_ring, lemuel_crystal_altar, hangedman_decor_riveting,
          minmay_misc_feat_rows, chequers_arboretum, minmay_tripent,
          uniq_terence, uniq_robin, uniq_natasha
D:3:      layout_loops_cross, lightli_temple_of_fire, minivault_14
D:4:      layout_gridville, gammafunk_temple_overflow_statue, uniq_eustachio,
          uniq_sigmund
D:5:      layout_basic, mrwooster_statue_mirror,
          nicolae_gozag_cash_rules_everything_around_me
D:6:      layout_basic, minmay_temple_entry_grid, lemuel_flame_loot_1
D:7:      layout_basic, overflow_temple_1_default, nrook_mini_vaults
D:8:      minmay_the_grid_triangle_9x9_recursive_2
          [minmay_the_grid_triangle_9x9_prize_center,
          minmay_the_grid_triangle_9x9_steps,
          minmay_the_grid_triangle_9x9_negative_grid,
          minmay_the_grid_triangle_9x9_limited_checkers], layout_rooms,
          lemuel_round_altar, uniq_joseph
Temple:   regret_index_temple_sphere_string

Skill      XL: |  1  2  3  4  5  6  7  8  9 |
---------------+----------------------------+-----
Invocations    | 1 2 3 4 5 |  5.4
Short Blades   | 1 2 3 4 |  4.9
Long Blades    | 1 2 3 4 |  4.9
Axes           | 1 2 3 4 |  4.9
Maces & Flails | 1 2 3 4 |  4.9
Polearms       | 1 2 3 4 |  4.9
Staves         | 1 2 3 4 |  4.9
Slings         | 1 2 3 4 |  4.9
Bows           | 1 2 3 4 |  4.9
Dodging        | 1 2 3 4 |  4.9
Stealth        | 1 2 3 4 |  4.9
Shields        | 1 2 3 4 |  4.9
Unarmed Combat | 1 2 3 4 |  4.9
Spellcasting   | 1 2 3 4 |  4.9
Conjurations   | 1 2 3 4 |  4.1
Hexes          | 1 2 3 4 |  4.1
Summonings     | 1 2 3 4 |  4.1
Necromancy     | 1 2 3 4 |  4.1
Translocations | 1 2 3 4 |  4.1
Transmutations | 1 2 3 4 |  4.1
Fire Magic     | 1 2 3 4 |  4.1
Ice Magic      | 1 2 3 4 |  4.1
Air Magic      | 1 2 3 4 |  4.1
Earth Magic    | 1 2 3 4 |  4.1
Poison Magic   | 1 2 3 4 |  4.1
Throwing       | 3 4 5 |  5.6
Evocations     | 3 4 5 |  5.6
Fighting       | 5 6 |  6.8
Crossbows      | 5 6 |  6.8
Armour         | 9 |  9.9

Action                   |  1- 3 |  4- 6 |  7- 9 | 10-12 || total
-------------------------+-------+-------+-------+-------++-------
Melee: Whip              |   124 |   171 |       |       ||   295
       Bite              |    11 |    27 |    48 |     1 ||    87
       Punch             |       |     4 |     7 |       ||    11
       Staff             |       |    18 |   182 |       ||   200
       Hand axe          |       |       |   126 |     3 ||   129
 Fire: Hand crossbow     |    23 |    41 |    79 |     5 ||   148
Throw: Dart              |       |       |    10 |     1 ||    11
 Cast: Apportation       |       |       |     5 |       ||     5
Invok: Heroism           |       |       |       |     1 ||     1
  Use: Scroll            |     2 |     1 |     2 |       ||     5
Armor: Scale mail        |    81 |   115 |   201 |     4 ||   401
Dodge: Dodged            |    92 |   109 |   243 |    14 ||   458
